groovejumper, chaotic female human Monk 0 ------- 1 1 ------- |.....| ----- 1.hldpd| |.....| |...| ll@.lq| ----- #......| |...| |ljlfq| |...| ###|.....| #....| |lofc@@#11##.^..| # |......######|...| ------- |...| ### ------- |..%| |>..| % ---+- |...-###### ----- groovejumper the Initiate Experience level: 9 Strength: 18 Dexterity: 12 Constitution: 14 Intelligence: 12 Wisdom: 15 Charisma: 11 Health: 0(64) Energy: 48(48) AC: -1 Gold: 0 Moves: 6290 Your Inventory: Weapons A - a [blessed -3] knife [of warning] I - 11 [uncursed +0] throwing stars [shuriken] (in quiver) Armor a - an uncursed +2 pair of leather gloves (being worn) B - an [uncursed] +0 elven leather helm (being worn) J - a blessed +1 robe (being worn) R - a [blessed] +4 Hawaiian shirt (being worn) Comestibles v - 4 [uncursed] food rations K - 2 [uncursed] oranges Scrolls x - 3 [uncursed] unlabeled scrolls [of blank paper] y - a [blessed] unlabeled scroll [of blank paper] Potions w - an [uncursed] potion of extra healing M - an [uncursed] potion of object detection S - an [uncursed] brown potion [of full healing] Rings E - an uncursed ring of teleport control (on right hand) O - an uncursed ring of slow digestion (on left hand) Wands c - an [uncursed] wand of cold [0:7] P - an [uncursed] walnut wand [of lightning (0:7)] Y - an [uncursed] wand of cold [0:8] Z - an uncursed wand of cold (0:7) Tools b - an [uncursed] sack Q - an [uncursed] key [skeleton key] Gems t - an [uncursed] gray stone named touchstone [touchstone] z - an [uncursed] white gem named val [opal] Contents of the sack: 4488 gold pieces an [uncursed] carrot an uncursed [stale] egg 12 uncursed food rations an [uncursed] lizard corpse an [uncursed] pancake 2 uncursed tripe rations an [uncursed] scroll called earth [of earth] a [cursed] scroll called earth [of earth] an uncursed scroll of gold detection a blessed potion of healing 2 uncursed potions of healing an uncursed puce potion [of confusion] an [uncursed] soapy potion [of blindness] an [uncursed] sparkling potion [of levitation] a [blessed] viscous potion [of paralysis] a cursed ring of free action an uncursed ring of invisibility an uncursed ring of polymorph control an uncursed +2 ring of protection a [cursed -3] ring of protection an uncursed ring of protection from shape changers an uncursed ring of shock resistance a cursed ring of teleportation an [uncursed] aluminum wand [of light (0:11)] an [uncursed] mithril wand [of fire (0:8)] an [uncursed] mithril wand [of fire (0:7)] an [uncursed] silver wand [of nothing (0:4)] an uncursed wand of digging (0:4) an [uncursed oil] lamp Spells known in the end: Name Level Category Fail Memory a - sleep 1 enchantment 0% [||||||..] b - cure sickness 3 healing 0% [||||||..] c - knock 1 matter 0% [|||||||.] d - cure blindness 2 healing 0% [||||||||] Your skills at the end: Fighting Skills martial arts [Expert / Grand Master] Weapon Skills Spellcasting Skills healing spells [Basic / Expert] Final Attributes: You were piously aligned. Hunger level was 533. Your alignment was 41 / 41. Monster difficulty range was 1 - 10. Level difficulty was 11. You were immune to sleep. You were immune to poison. You saw invisible. You were telepathic. You were warned. You had automatic searching. You were stealthy. You could teleport. You had teleport control. You had slower digestion. You were fast. Your luck was zero. You are dead. Vanquished creatures: 2 giant mimics a stalker a flaming sphere a large cat a carnivorous ape a quivering blob a winter wolf cub 12 leprechauns a gnome king a Green-elf a lizard a dingo a soldier ant an imp a wood nymph a water nymph 4 mountain nymphs an Uruk-hai an orc shaman 2 rock piercers 2 rock moles 4 fog clouds a shrieker a gnome lord 2 kobold mummies 2 black naga hatchlings 2 golden naga hatchlings a guardian naga hatchling a gray ooze 2 paper golems 2 giant ants a little dog 2 floating eyes 2 kobold shamans 17 hill orcs 3 rothes 2 rabid rats 6 giant bats 3 Kop Sergeants 3 monkeys 6 orc zombies a wererat a werejackal 2 iguanas 5 killer bees 2 acid blobs 7 coyotes 2 gas spores a hobbit 2 manes a large kobold 2 hobgoblins 5 giant rats 3 cave spiders a red mold a gnome 7 Keystone Kops 4 garter snakes a gnome zombie 3 geckos 12 jackals a fox 2 goblins 15 grid bugs a lichen 7 kobold zombies 4 newts 194 creatures vanquished. Voluntary challenges: You pretended to be a vegetarian. You never hit with a wielded weapon. You read items or engraved 14 times. You put on armor 8 times. You never genocided any monsters. You never polymorphed an object. You never changed form. You used no wishes. You wrote Elbereth's name 1 time. You never encountered a bones level. You never used any Sokoban shortcuts. Dungeon overview: The Dungeons of Doom: levels 1 to 11 Level 1 some fountains a long staircase Level 2 a general store, an altar to Huan Ti, some fountains a long staircase Level 3 a delicatessen Level 4 a general store Level 5 some fountains, a sink Level 6 many fountains Level 7 a general store, some sinks stairs to Sokoban Level 9 some fountains, a sink, many trees stairs to Town Level 11 <- You were here a fountain Sokoban: levels 4 to 6 Level 6 a magic chest stairs to The Dungeons of Doom Town: Level 8 stairs to The Dungeons of Doom History has recorded: On T:1 you entered the Dungeons of Doom to retrieve the Amulet of Yendor! On T:304 you reached level 2 of The Dungeons of Doom. On T:305 you advanced to experience level 2. On T:347 you advanced to experience level 3. On T:472 you advanced to experience level 4. On T:484 you advanced to experience level 5. On T:815 you advanced to experience level 6. On T:983 you reached level 4 of The Dungeons of Doom. On T:1412 you reached level 5 of The Dungeons of Doom. On T:1695 you advanced to experience level 7. On T:1749 you reached level 6 of The Dungeons of Doom. On T:2197 you reached level 7 of The Dungeons of Doom. On T:2290 you advanced to experience level 8. On T:2425 you reached level 3 of Sokoban. On T:2829 you reached level 2 of Sokoban. On T:3288 you reached level 1 of Sokoban. On T:4919 you advanced to experience level 9. On T:5147 you reached level 8 of The Dungeons of Doom. On T:5468 you reached level 9 of The Dungeons of Doom. On T:5791 you reached level 3 of Town. On T:5814 you reached level 10 of The Dungeons of Doom. On T:6100 you reached level 11 of The Dungeons of Doom. Latest messages: The tiger bites! The leprechaun zaps a wand of create monster! (2x) [HP-15=26] You engrave with a magical knife into the floor. Your magical knife gets dull. The tiger hits! (2x) The tiger bites! The cockatrice bites! The cockatrice touches you! The leprechaun zaps a wand of create monster! [HP-22=4] It is hit. The spear misses the soldier. You are almost hit by a spear. The soldier wields a spear! The spear welds itself to the soldier's hand! The rothe hits! The rothe just misses! The rothe bites! You die... Final status: Punardarsanaya groovejumper the Monk... You died in The Dungeons of Doom on dungeon level 11 with 10418 points, and 4488 pieces of gold, after 6290 moves. You were level 9 with a maximum of 64 hit points when you died.